 Dungeon Crawl Stone Soup version 0.20.1 (webtiles) character file.

391 polve the Skirmisher (level 6, -5/67 HPs)
             Began as an Ogre Gladiator on July 2, 2017.
             Slain by Blork the orc
             ... wielding a +0 short sword
              (7 damage)
             ... on level 4 of the Dungeon.
             The game lasted 00:04:04 (4817 turns).

polve the Skirmisher (Ogre Gladiator)               Turns: 4817, Time: 00:04:05

Health: -5/67      AC:  3    Str: 19    XL:     6   Next: 80%
Magic:  6/6        EV: 12    Int: 16    God:
Gold:   209        SH:  0    Dex: 12    Spells: 5/5 levels left

rFire    + . .     SeeInvis .   a - +0 flail
rCold    . . .     Gourm    .   (no shield)
rNeg     . . .     Faith    .   b - +0 robe
rPois    .         Spirit   .   c - +0 hat
rElec    .         Reflect  .   (no cloak)
rCorr    .         Harm     .   (gloves unavailable)
MR       .....                  (boots unavailable)
Stlth    +.........             (no amulet)
Regen    0.3/turn               k - +2 ring of evasion
MPRegen  0.1/turn               s - ring of protection from fire

@: brilliant
A: unfitting armour, antennae 1, clever 1, mutation resistance 1, tough skin 1
a: no special abilities


You were on level 4 of the Dungeon.
You were not hungry.

You visited 1 branch of the dungeon, and saw 4 of its levels.

You collected 209 gold pieces.

Inventory:

Hand Weapons
 a - a +0 flail (weapon)
Missiles
 d - 3 throwing nets (quivered)
Armour
 b - a +0 robe (worn)
 c - a +0 hat (worn)
Jewellery
 k - a +2 ring of evasion (left hand)
 s - a ring of protection from fire (right hand)
Wands
 t - a wand of flame (23/48)
Scrolls
 e - 3 scrolls of teleportation {unknown}
 g - a scroll of blinking {unknown}
 h - a scroll of immolation {unknown}
 i - a scroll of random uselessness {unknown}
 m - 9 scrolls of identify {unknown}
 q - a scroll of fear {unknown}
 r - a scroll of fog {unknown}
 u - a scroll of remove curse {unknown}
Potions
 n - a potion of resistance
 o - a potion of haste
 p - a potion of flight
Comestibles
 f - 2 bread rations
 l - 3 meat rations


   Skills:
 + Level 6.0 Fighting
 * Level 5.5 Maces & Flails
 - Level 2.0 Throwing
 - Level 2.6 Dodging


You had 5 spell levels left.
You didn't know any spells.

Dungeon Overview and Level Annotations

Branches:
Dungeon (4/15)
 Temple: D:4-7

Altars:
Ashenzari
Ru
Uskayaw
Xom
The Shining One

Annotations:
D:4 Blork the orc, Sigmund


Innate Abilities, Weirdness & Mutations

You are too large for most types of armour.
You have tough skin. (AC +1)
You have a pair of small antennae on your head.
Your mind is acute. (Int +2)
You are somewhat resistant to further mutation.


Message History

An orc comes into view. It is wielding a club.
The orc priest shouts!
The orc shouts!
Blork the orc looks encouraged for a moment.
The orc closely misses you.
Blork the orc screams, "I'll make a cloak from your skin!"
The orc barely misses you.
The orc priest calls down the wrath of Beogh upon you.
Beogh smites you!
* * * LOW HITPOINT WARNING * * *
The orc hits you with a short sword.
* * * LOW HITPOINT WARNING * * *
The orc shouts!
You sock the orc!
You kill the orc!
The orc hits you with a hand axe.
* * * LOW HITPOINT WARNING * * *
It was a potion of brilliance.
You feel clever all of a sudden.
Blork the orc hits you with a short sword!
You die...

# #.#.# #...# #####...# #...#
........# #...#
.################.############
.# #.>....##.####.......#
.########.####.#...o%..#####.#
...........)....o.oo......##.#
#####........#.#ooo#...##.##.#
#.###.#..#.#@#.##.oo.....#
#.###......#o#.##.##...###
#.##......##......##...#
#.##.##..#####.######.##
#.##.##.###.......# #.####
#...<...# #.......# #.o..#
##...## #)......###.###.# ###.
#..........## .. #........o##


You could see Blork the orc, 2 orc priests and 5 orcs.

Vanquished Creatures
  Menkaure (D:4)
  A howler monkey (D:4)
  A hound (D:4)
  Terence (D:3)
  An orc wizard (D:4)
  A worker ant (D:4)
  4 adders
  2 oozes
  2 worms (D:2)
  5 dart slugs
  4 leopard geckos
  6 orcs
  4 bats
  A giant cockroach (D:4)
  5 hobgoblins
  6 jackals (D:1)
  6 kobolds
  3 quokkas
  4 frilled lizards
  8 goblins
  2 rats (D:1)
68 creatures vanquished.

Vanquished Creatures (others)
  A goblin (D:1)
  A bat (D:1)
2 creatures vanquished.

Grand Total: 70 creatures vanquished

Notes
Turn   | Place    | Note
-------+----------+-------------------------------------------
     0 | D:1      | polve the Ogre Gladiator began the quest for the Orb.
     0 | D:1      | Reached XP level 1. HP: 22/22 MP: 1/1
   275 | D:1      | Reached skill level 3 in Fighting
   348 | D:1      | Reached XP level 2. HP: 26/31 MP: 2/2
   776 | D:1      | Reached XP level 3. HP: 37/39 MP: 3/3
  1000 | D:1      | Reached skill level 4 in Fighting
  2005 | D:2      | Found a shattered altar of Ashenzari.
  2303 | D:2      | Reached XP level 4. HP: 20/49 MP: 4/4
  2574 | D:3      | Noticed Terence
  2593 | D:3      | Killed Terence
  2865 | D:3      | Found a glowing golden altar of the Shining One.
  2900 | D:3      | Reached XP level 5. HP: 55/55 MP: 5/5
  3056 | D:3      | Found a shimmering altar of Xom.
  3056 | D:3      | Found a hide-covered altar of Uskayaw.
  3295 | D:4      | Noticed Menkaure
  3308 | D:4      | Killed Menkaure
  3308 | D:4      | Reached skill level 5 in Fighting
  3308 | D:4      | Reached skill level 5 in Maces & Flails
  3308 | D:4      | Reached XP level 6. HP: 8/66 MP: 6/6
  3682 | D:4      | HP: 3/67 [something/magic dart (10)]
  3688 | D:4      | Gained mutation: Your mind is acute. (Int +2) [potion of mutation]
  3688 | D:4      | Gained mutation: You have a pair of small antennae on your head. [potion of mutation]
  3688 | D:4      | Gained mutation: You are somewhat resistant to further mutation. [potion of mutation]
  3690 | D:4      | HP: 3/67 [orc/club (1)]
  4322 | D:4      | Noticed Sigmund
  4457 | D:4      | Found a sacrificial altar of Ru.
  4589 | D:4      | Reached skill level 6 in Fighting
  4788 | D:4      | Noticed Blork the orc
  4814 | D:4      | HP: 3/67 [orc/short sword (2)]
  4817 | D:4      | Slain by Blork the orc

Skill      XL: |  1  2  3  4  5  6 |
---------------+-------------------+-----
Fighting       | 3 4 5 6 |  6.0
Maces & Flails | 3 4 5 |  5.5
Throwing       | |  2.0
Dodging        | |  2.6

Action                   |  1- 3 |  4- 6 || total
-------------------------+-------+-------++-------
Melee: Flail             |   106 |   163 ||   269
  Use: Potion            |       |     9 ||     9
 Stab: Sleeping          |     1 |       ||     1
       Invisible         |       |     1 ||     1
  Eat: Chunk             |     4 |     8 ||    12
Armor: Robe              |    28 |    30 ||    58
Dodge: Dodged            |    70 |   104 ||   174
